 Dungeon Crawl Stone Soup version 0.25-a0-36-g303dd5b1f4 (webtiles) character file.

Game seed: 8346990632573205285, levelgen mode: deterministic

46 Johnny the Digger (level 3, -1/26 HPs)
             Began as a Demigod Earth Elementalist on Oct 20, 2019.
             Killed from afar by an orc wizard (3 damage)
             ... with a puff of flame
             ... on level 2 of the Dungeon.
             The game lasted 00:01:34 (1495 turns).

Johnny the Digger (Demigod Earth Elementalist)      Turns: 1495, Time: 00:01:35

Health: -1/26      AC:  2    Str: 11    XL:     3   Next: 27%
Magic:  0/8        EV: 13    Int: 21    God:
Gold:   131        SH:  0    Dex: 16    Spells: 5/6 levels left

rFire    . . .     SeeInvis .   (no weapon)
rCold    . . .     Gourm    .   (no shield)
rNeg     . . .     Faith    .   c - +0 robe
rPois    .         Spirit   .   (no helmet)
rElec    .         Reflect  .   (no cloak)
rCorr    .         Harm     .   (no gloves)
MR       .....                  (no boots)
Stlth    ++........             (no amulet)
HPRegen  0.08/turn              (no ring)
MPRegen  0.11/turn              (no ring)

@: no status effects
A: high mp 1
a: no special abilities


You were on level 2 of the Dungeon.
You were very hungry.

You visited 1 branch of the dungeon, and saw 3 of its levels.

You collected 131 gold pieces.

Inventory:

Missiles
 b - 38 stones (quivered)
Armour
 c - a +0 robe (worn)
Scrolls
 e - a scroll of immolation
 i - a scroll of teleportation {unknown}
Potions
 a - a potion of ambrosia {unknown}
 f - a potion of magic {unknown}
 g - a potion of might {unknown}
 h - a potion of invisibility {unknown}
Comestibles
 d - 3 rations


   Skills:
 + Level 2.3 Dodging
 - Level 1.7 Stealth
 + Level 2.2 Spellcasting
   Level 0.8 Transmutations
 * Level 3.5 Earth Magic


You had 5 spell levels left.
You knew the following spells:

 Your Spells              Type           Power        Failure   Level  Hunger
a - Sandblast             Erth           ###...       3%          1    #......

Your spell library contained the following spells:

 Spells                   Type           Power        Failure   Level  Hunger
 Passwall                 Tmut/Erth      ##......     9%          2    ##.....
 Stone Arrow              Conj/Erth      #.....       22%         3    ###....
 Petrify                  Tmut/Erth      ##......     52%         4    #####..
 Lee's Rapid Deconstruct  Erth           ###.......   67%         5    ######.


Dungeon Overview and Level Annotations

Branches:
Dungeon (3/15)


Innate Abilities, Weirdness & Mutations

You have an increased reservoir of magic. (+10% MP)


Message History

The orc wizard points at you and mumbles some strange words.
The puff of flame hits you.
There is a stone staircase leading up here.
Casting: Sandblast (safe; 3% risk of failure)
Confirm with . or Enter, or press ? or * to list all spells.
Aiming: Sandblast (safe; 3% risk of failure)
Press: ? - help, Shift-Dir - straight line, f/p - orc wizard
Aim: an orc wizard, wielding a +0 dagger and wearing a +0 robe (moderately wounded)
The blast of sand misses the orc wizard.
b - 38 stones You climb upwards.
There is a stone staircase leading down here.
The orc wizard points at you and mumbles some strange words.
The puff of flame hits you! The orc wizard casts a spell at you.
The puff of flame hits you!
* * * LOW HITPOINT WARNING * * *
The orc wizard gestures at you while chanting.
The puff of flame hits you.
You die...

.##.# .##.# ###.# ##.##
#...#######################
#...)........#............#
#...########.#.##########.###
#########....................#
............>o..@..#######.#.#
#########.########.######....##
# #.########........#...#
###### #.#........<.####.....#
.....# #.#.######.#(###.###..#
.###.# #.#.# ##.#.##.## ##.###
.# #.# #.#.# #.......# #.... .#
#.# #.#.# #.......## ##.### .#
#.# #.#.# #.<......###..#


You could see an orc wizard.

Vanquished Creatures
  An ooze (D:2)
  2 dart slugs (D:1)
  A worm (D:2)
  2 leopard geckos
  2 orcs (D:3)
  2 ball pythons
  A giant cockroach (D:2)
  7 goblins
  3 hobgoblins
  3 bats
  2 frilled lizards
  4 kobolds
  2 rats
32 creatures vanquished.

Notes
Turn   | Place    | Note
-------+----------+-------------------------------------------
     0 | D:1      | Johnny the Demigod Earth Elementalist began the quest for
                  | the Orb.
     0 | D:1      | Reached XP level 1. HP: 14/14 MP: 5/5
   373 | D:1      | Reached skill level 3 in Earth Magic
   378 | D:1      | Reached XP level 2. HP: 14/20 MP: 4/7
  1041 | D:2      | Reached XP level 3. HP: 14/26 MP: 6/8
  1495 | D:2      | Killed from afar by an orc wizard

Levels and vault maps discovered:
D:1:      dpeg_arrival_lava_temple_mockup, layout_basic,
          corexii_item_surrounded_by_moat
D:2:      layout_loops_ring, first_ration, chequers_serial_rivers_micro_e
D:3:      layout_rooms, zin_scriptorium, dancing_weapons_uskayaw,
          nicolae_overflow_crystal_walls, st_stairs_4

Skill      XL: |  1 |
---------------+----+-----
Dodging        | 2 |  2.3
Earth Magic    | 3 |  3.5
Spellcasting   | 2 |  2.2
Stealth        | |  1.7
Transmutations | |  0.8

Action                   || total
-------------------------++-------
Melee: Unarmed           ||    55
 Cast: Sandblast         ||    38
  Use: Scroll            ||     2
 Stab: Sleeping          ||     2
  Eat: Chunk             ||     1
Armor: Robe              ||     8
Dodge: Dodged            ||    46

Table legend:
 A = Non-vault XP
 B = Vault XP
 C = Vault XP percentage of total XP
 D = Non-vault monster count
 E = Vault monster count
 F = Vault count percentage of total count
                 A         B        C        D         E       F
            +---------+---------+-------+---------+---------+-------
      Total |      62 |       5 |   7.5 |      30 |       2 |   6.2
            +---------+---------+-------+---------+---------+-------
        D:1 |      25 |       0 |   0.0 |      13 |       0 |   0.0
        D:2 |      29 |       0 |   0.0 |      13 |       0 |   0.0
        D:3 |       8 |       5 |  38.5 |       4 |       2 |  33.3
            +---------+---------+-------+---------+---------+-------
